 BcadrenCrawl: Boulder Brew version 0.05.21-62-g5a5dd69f3f (webtiles) character file.

Game seed: 9525665413173262326, levelgen mode: deterministic

7865 theanonym the Brawler (level 11, -5/72 HPs) Octopode Fighter. Began on Aug 23, 2021. Was a Believer of Zin. Slain by Snorg (21 damage) ... on level 4 of the Dungeon. The game lasted 00:19:47 (7174 turns).

theanonym the Brawler (Octopode Fighter)            Turns: 7174, Time: 00:19:49

Health: -5/72      AC:  1    Str: 19    XL:     11 ^: 7135
Magic:  11/11      EV: 15    Int: 11    God:    Zin [2* [66]]
Gold:   360        SH:  9    Dex: 21    Spells: 10/10 levels left

rFire    . . .     Vision   .     - Unarmed
rCold    . . .     Gourm    .   a - +0 heater shield
rNeg     . . .     Faith    .   (helmet restricted)
rCorr    . . .     Spirit   .   (no amulet)
rPois    .         Reflect  .   s - ring of dexterity
rElec    .         Harm     .   (no ring)
MR       .....                  (no ring)
Stlth    +++++.....             (no ring)
HPRegen  0.34/turn              (no ring)
MPRegen  0.21/turn              (no ring)
                                (no ring)
                                (no ring)

@: agile, studying Shields
A: almost no armour, stealthy swim, amphibious, 8 rings, constrict 8, camouflage
1, AC +1
a: Recite, Vitalisation, Donate Gold, Renounce Religion


You were on level 4 of the Dungeon.
You worshipped Zin.
Zin was pleased with you.
You were not hungry.

You visited 2 branches of the dungeon, and saw 6 of its levels.

You collected 564 gold pieces.
You spent 165 gold pieces at shops.
You donated 39 gold pieces to Zin.

Inventory:

Shields
 a - a +0 heater shield (shield)
Jewellery
 d - a cursed ring of ice {(Curse: *Drain)}
 s - a ring of dexterity (left tentacle)
 u - a cursed amulet of the gourmand {(Curse: rC-)}
Wands
 p - a wand of ensnaring (3)
 t - a wand of flame (26)
Scrolls
 e - 3 scrolls of fog
 f - 3 scrolls of enchantment
 g - 4 scrolls of magic mapping
 i - a scroll of teleportation
 k - a scroll of immolation
 m - 3 scrolls of fear
 o - a scroll of blinking
 r - a scroll of holy word
Potions
 b - 2 potions of resistance
 h - 3 potions of mutation
 j - a potion of curing
 n - 2 potions of ambrosia
 q - a potion of cure mutation
Comestibles
 c - 11 rations


   Skills:
 + Level 5.9 Fighting
 + Level 5.7 Shields
 * Level 16.3 Unarmed Combat


You had 10 spell levels left.
You didn't know any spells.
Your spell library contained the following spells:

 Spells                   Type           Power        Failure   Level  Hunger
 Pain                     Hex/Necr       0 (25)       75%         1    40-60


Dungeon Overview and Level Annotations

Branches:
Dungeon (5/8)              Temple (1/1) D:4            Lair (0/6) D:5

Altars:
Ashenzari
Cheibriados
Dithmenos
Elyvilon
Fedhas Madash
Gozag Ym Sagoz
Hepliaklqana
Kikubaaqudgha
Nemelex Xobeh
Okawaru
Qazlal
Ru
Sif Muna
Trog
Uskayaw
Vehumet
Wu Jian
Xom
Yredelemnul
Zin
The Shining One

Shops:
D:3 :

Annotations:
D:4 Snorg


Innate Abilities, Weirdness & Mutations

You cannot wear most types of armour.
You are very stealthy in the water. (Stealth+)
Your gelatinous body is resilient. (AC +1, EV +1)
You are amphibious.
You can wear up to eight rings at the same time.
You can use your tentacles to constrict six enemies at once.
Your skin changes colour to match your surroundings (Stealth++).


Message History

Snorg goes berserk!
The killer bee misses you (0).
You bludgeon Snorg (13)! You squeeze Snorg (13)!
You smack Snorg (1).
Snorg is moderately wounded. (93/146) HP The killer bee stings you (9)!
You block Snorg's attack. Snorg claws you (6). You block Snorg's attack.
You bludgeon Snorg (10)! You squeeze Snorg, but do no damage.
You slap Snorg (3).
Snorg is heavily wounded. (81/146) HP The killer bee stings you (8)!
You tentacle-slap Snorg (6). You squeeze Snorg (2).
Snorg is heavily wounded. (73/146) HP You block Snorg's attack.
Snorg claws you (10)! You block Snorg's attack.
The killer bee barely misses you (0).
You bludgeon Snorg (7)! You squeeze Snorg (17)!
You slap Snorg (4).
Snorg blocks your attack.
Snorg is severely wounded. (46/146) HP Snorg bites you (12)!
* * * LOW HITPOINT WARNING * * *
Snorg barely misses you (0). Snorg claws you (21)!!
You die...

#..# #..........
#..#####..........
#.................
#.........>.).....
#[######..########
#.# #..# # #.#
#..# # #T# #..# #
#@######..# #
#.y.......# #
#.........# #
#.........# #
#..####...########
#..# #.......<...
#..# #...........
#..# #...........
#..# #...........


You could see Snorg (berserk) and a killer bee.

Vanquished Creatures
  Harold (D:4)
  Sonja (D:5)
  A two-headed ogre (D:5)
  Pikel (D:3)
  Prince Ribbit (D:2)
  A hippogriff (D:5)
  Eustachio (D:2)
  A hungry ghost (D:4)
  Purgy (D:2)
  A phantom (D:5)
  A water moccasin (D:4)
  2 orc warriors
  2 scorpions
  5 ice beasts
  3 black bears
  5 ogres
  2 big kobolds (D:2)
  2 crocodiles
  Blork the orc (D:3)
  8 bullfrogs
  A gnoll sergeant (D:5)
  A howler monkey (D:3)
  9 killer bees
  10 jellies
  3 orc priests
  4 hounds
  5 orc wizards
  An iguana (D:4)
  6 worker ants
  A wyvern zombie (D:4)
  A water moccasin skeleton (D:5)
  13 giant cockroaches
  2 bullfrog zombies (D:4)
  2 bullfrog skeletons (D:4)
  A centaur skeleton (D:2)
  9 gnolls
  6 adders
  20 sewer rats
  11 cinder newts
  5 worms
  A killer bee zombie (D:5)
  4 oozes
  A worker ant zombie (D:5)
  4 hound skeletons
  2 dart slugs (D:1)
  6 leopard geckos
  31 orcs
  An adder skeleton (D:2)
  An adder zombie (D:5)
  2 cinder newt skeletons (D:2)
  5 goblins (D:1)
  4 hobgoblins (D:1)
  9 jackals
  2 quokkas (D:4)
  2 ball pythons
  11 bats
  A hobgoblin skeleton (D:2)
  9 kobolds
  An orc skeleton (D:2)
  2 quokka zombies (D:5)
  12 rats
  A rat skeleton (D:2)
  A butterfly (D:5)
  2 giant blowflies (D:2)
  4 slaves
271 creatures vanquished.

Vanquished Creatures (others)
  20 fungi (D:5)
  17 plants (D:5)
  A slimehead (D:2)
  67 withered plants (D:2)
105 creatures vanquished.

Grand Total: 376 creatures vanquished

Notes
Turn   | Place    | Note
-------+----------+-------------------------------------------
     0 | D:1      | theanonym the Octopode Fighter began the quest for the Orb.
     0 | D:1      | Reached XP level 1. HP: 16/16 MP: 1/1
    21 | D:1      | Identified a scroll of acquirement
    48 | D:1      | Reached XP level 2. HP: 19/22 MP: 2/2
    60 | D:1      | Identified the Tome of the Magi (You acquired it on level 1
                  | of the Dungeon)
    86 | D:1      | Reached skill level 3 in Unarmed Combat
    86 | D:1      | Reached XP level 3. HP: 27/27 MP: 3/3
   198 | D:1      | Reached XP level 4. HP: 34/34 MP: 4/4
   311 | D:2      | Reached skill level 4 in Unarmed Combat
   311 | D:2      | Noticed a big kobold
   341 | D:1      | Reached XP level 5. HP: 9/38 MP: 5/5
   614 | D:1      | Reached skill level 5 in Unarmed Combat
  1078 | D:2      | Reached XP level 6. HP: 25/44 MP: 6/6
  1237 | D:2      | Reached skill level 6 in Unarmed Combat
  1319 | D:2      | Reached XP level 7. HP: 13/49 MP: 7/7
  1658 | D:2      | Reached skill level 7 in Unarmed Combat
  2195 | D:2      | Reached skill level 8 in Unarmed Combat
  2338 | D:2      | Reached XP level 8. HP: 47/54 MP: 8/8
  2485 | D:2      | Noticed a flying skull
  2488 | D:2      | Noticed a bog body
  2491 | D:2      | Reached skill level 5 in Fighting
  2491 | D:2      | Reached skill level 9 in Unarmed Combat
  2497 | D:2      | Noticed a bog body
  2498 | D:2      | Noticed a flying skull
  2535 | D:2      | Noticed Prince Ribbit
  2539 | D:2      | Killed Prince Ribbit
  2546 | D:2      | Noticed Purgy
  2555 | D:2      | Killed Purgy
  2555 | D:2      | Reached skill level 10 in Unarmed Combat
  2750 | D:2      | Noticed Eustachio
  2758 | D:2      | Killed Eustachio
  3138 | D:3      | Found an ancient bone altar of Kikubaaqudgha.
  3145 | D:3      | Found a shimmering blue altar of Sif Muna.
  3146 | D:3      | Found a radiant altar of Vehumet.
  3148 | D:3      | Identified Kikubaaqudgha's Grimoire of Necromancy
  3177 | D:3      | Reached skill level 11 in Unarmed Combat
  3187 | D:3      | Reached XP level 9. HP: 61/61 MP: 9/9
  3242 | D:3      | Noticed Blork the orc
  3243 | D:3      | Found Quykaf's Book Shop.
  3249 | D:3      | Killed Blork the orc
  3393 | D:3      | Bought a pamphlet of Shields for 165 gold pieces
  3455 | D:3      | Noticed Pikel
  3761 | D:3      | Killed Pikel
  3761 | D:3      | Reached skill level 12 in Unarmed Combat
  4263 | D:4      | Reached skill level 13 in Unarmed Combat
  4633 | D:4      | Found a staircase to the Ecumenical Temple.
  4634 | D:4      | Noticed Harold
  4656 | D:4      | Killed Harold
  4656 | D:4      | Reached skill level 14 in Unarmed Combat
  4656 | D:4      | Reached XP level 10. HP: 34/66 MP: 10/10
  4726 | Temple   | Entered the Ecumenical Temple
  4947 | Temple   | Became a worshipper of Zin the Law-Giver
  4947 | Temple   | Reached * piety under Zin
  5013 | D:4      | Reached ** piety under Zin
  5123 | D:4      | Identified the +1 robe "Suczuuha" {-Tele MR++ Str+3 +Vis}
  5465 | D:5      | Entered Level 5 of the Dungeon
  5465 | D:5      | Identified the +0 leather armour "Zesoczin" {rC- MR+ MP+9}
  5806 | D:5      | Noticed Snorg
  5814 | D:5      | Reached skill level 15 in Unarmed Combat
  6071 | D:5      | Reached skill level 5 in Shields
  6318 | D:5      | Noticed a two-headed ogre
  6328 | D:5      | Killed a two-headed ogre
  6403 | D:5      | Reached XP level 11. HP: 39/72 MP: 11/11
  6581 | D:5      | Reached skill level 16 in Unarmed Combat
  6611 | D:5      | Noticed Sonja
  6619 | D:5      | Killed Sonja
  6747 | D:5      | Found a staircase to the Lair.
  7174 | D:4      | Slain by Snorg

Levels and vault maps discovered:
D:1:      onia_arrival_pentagram, layout_rooms, minmay_pentomino_w4
D:2:      layout_sewer, kennysheep_door_sewer, first_ration,
          minmay_misc_feat_diagonals
D:3:      layout_cave_pools, grunt_temple_overflow_magic_moments, serial_shops,
          nicolae_shop_stone, uniq_pikel, uniq_blork_the_orc
D:4:      layout_small_grid, minmay_temple_entry_crystal_x, uniq_harold
D:5:      layout_roguey, grunt_lair_entry_orc_guard_hut, special_room
          [special_room_orc], uniq_sonja, uniq_snorg
Temple:   eino_narrow_crystal_temple

Skill      XL: |  1  2  3  4  5  6  7  8  9 10 11 |
---------------+----------------------------------+-----
Fighting       | 4 5 |  5.9
Unarmed Combat | 3 4 5 6 8 11 14 15 16 | 16.3
Shields        | 4 5 |  5.7

Action                   |  1- 3 |  4- 6 |  7- 9 | 10-12 || total
-------------------------+-------+-------+-------+-------++-------
Melee: Unarmed           |    47 |   219 |   377 |   198 ||   841
       Bite              |     8 |    39 |   101 |    84 ||   232
       Constrict         |    11 |    36 |    65 |    59 ||   171
       Tentacle Slap     |     4 |     6 |    15 |    16 ||    41
       Tentacle Squeeze  |     3 |    10 |    22 |    20 ||    55
       Pseudopods        |     3 |    16 |    42 |    33 ||    94
Evoke: Wand              |       |       |     2 |     1 ||     3
  Use: Scroll            |     1 |       |       |       ||     1
       Potion            |       |     2 |     4 |     2 ||     8
 Stab: Sleeping          |     4 |     8 |    15 |     7 ||    34
       Distracted        |       |       |     1 |     2 ||     3
  Eat: Chunk             |       |     1 |    11 |     9 ||    21
Armor: Skin              |     4 |    15 |     9 |     8 ||    36
Dodge: Dodged            |    12 |    52 |    53 |    54 ||   171
Block: Heater shield     |     9 |    39 |    55 |    55 ||   158
